 Dungeon Crawl Stone Soup version 0.13-a0-2398-gfa67c8a (console) character file.

101 Illaniel the Charmwright (level 2, 0/18 HPs)
             Began as a High Elf Skald on July 15, 2013.
             Succumbed to a kobold's poison
             ... on Level 1 of the Dungeon.
             The game lasted 00:02:56 (412 turns).

Illaniel the Charmwright (High Elf Skald)            Turns: 412, Time: 00:02:56

HP   0/18        AC  3     Str 12      XL: 2   Next: 41%
MP   4/6         EV 11     Int 14      God:
Gold 85          SH  0     Dex 14      Spells:  3 memorised,  1 level left

Res.Fire  : . . .   See Invis. : .   a - +0 elf short sword
Res.Cold  : . . .   Warding    : .   b - +0 elf leather armour
Life Prot.: . . .   Conserve   : .   (no shield)
Res.Poison: .       Res.Corr.  : .   (no helmet)
Res.Elec. : .       Clarity    : .   (no cloak)
Sust.Abil.: . .     Spirit.Shd : .   (no gloves)
Res.Mut.  : .       Stasis     : .   (no boots)
Res.Rott. : .       Flight     : .   (no amulet)
Saprovore : . . .                    (no ring)
                                     (no ring)

@: mildly poisoned, not resistant to hostile enchantments, unstealthy
A: carnivore 1, Str +1, Int -1
a: no special abilities


You were on level 1 of the Dungeon.
You were not hungry.

You visited 1 branch of the dungeon, and saw 1 of its levels.

You collected 65 gold pieces.

Inventory:

Hand weapons
 a - a +0,+0 elven short sword (weapon)
 j - a +1,+0 elven short sword
Armour
 b - a +0 elven leather armour (worn)
Comestibles
 d - a bread ration
 f - a pear
 h - a royal jelly
Scrolls
 i - a scroll of teleportation {unknown}
 k - 3 scrolls of fog {unknown}
Books
 c - a book of Battle

   Spells                             Type                      Level
   *Infusion                          Charms                       1
   *Shroud of Golubria                Charms/Translocation         2
   *Song of Slaying                   Charms                       2
   Spectral Weapon                    Hexes/Charms                 3
   Regeneration                       Charms/Necromancy            3
   Song of Shielding                  Charms                       4


   Skills:
 + Level 2.3 Fighting
 - Level 2.4 Short Blades
 + Level 1.2 Armour
 + Level 1.5 Dodging
 + Level 2.5 Spellcasting
 + Level 3.7 Charms


You had one spell level left.
You knew the following spells:

 Your Spells              Type           Power        Failure   Level  Hunger
a - Infusion              Chrm           ##....       6%          1    #......
b - Song of Slaying       Chrm           ##........   10%         2    ##.....
h - Shroud of Golubria    Chrm/Tloc      #.........   17%         2    ##.....


Dungeon Overview and Level Annotations

Branches:
Dungeon (1/27)

Altars:


Innate Abilities, Weirdness & Mutations

Your digestive system is specialised to digest meat.
You are dopey (Int -1).
Your muscles are strong (Str +1).


Message History

You hit the kobold.
You kill the kobold!
Drink which item? (? for menu, Esc to quit)
You feel extremely strange.
You feel stupid.
You feel stronger.
You hunger for flesh.
It was a potion of mutation.
Drink which item? (? for menu, Esc to quit)
You feel refreshed.
It was a potion of restore abilities.
* * * LOW HITPOINT WARNING * * *
You feel sick.
You start resting.
Eating a chunk of bat flesh.
This raw flesh tastes great.
* * * LOW HITPOINT WARNING * * *
You feel sick.
You continue eating.
* * * LOW HITPOINT WARNING * * *
You feel sick.
You feel a little better.
You continue eating.
You start resting.
You die... ▒▒▒▒▒ ▒▒∙∙∙▒ ▒∙∙∙∙∙∙∙∙▒ ▒∙∙)▒ ▒∙∙∙∙▒ ▒∙∙∙∙∙∙∙∙▒ ▒▒▒∙∙∙▒▒ ▒∙∙∙▒▒ ▒∙∙∙∙∙∙▒▒▒ ▒▒∙∙∙∙∙∙▒▒▒▒∙∙∙▒▒▒▒▒▒▒∙∙∙∙∙▒▒▒▒ ∙∙∙∙∙∙∙∙∙∙∙∙∙∙∙∙∙∙∙∙∙∙∙∙∙∙∙∙∙∙∙ ∙▒∙∙∙∙∙∙∙∙▒▒▒▒▒▒▒▒▒▒▒▒∙∙∙▒▒▒▒▒▒ ∙∙∙∙∙∙∙∙∙∙∙∙ ∙∙∙∙∙∙∙∙∙∙∙∙∙)∙▒▒▒ ∙∙∙▒▒∙▒∙∙∙▒▒▒▒▒▒▒▒▒▒▒▒▒▒▒▒▒∙∙∙▒ ∙∙∙▒▒∙▒∙∙∙▒ ▒∙∙∙▒ ▒∙∙∙▒ ∙∙∙▒▒∙▒∙∙∙▒▒▒▒▒▒▒▒▒▒∙∙∙▒▒▒▒∙∙∙▒∙∙ %∙∙∙∙∙∙∙∙∙∙∙∙∙∙)@∙(∙∙?(∙(∙∙∙∙∙∙∙∙

∙∙∙∙∙^∙∙∙∙∙∙∙∙∙∙∙∙∙∙∙∙∙∙∙∙∙∙∙∙∙∙▒
▒▒▒▒▒∙▒▒▒▒∙∙∙▒▒▒▒▒▒▒▒▒▒▒▒∙∙∙∙∙▒∙▒
▒∙▒ ▒∙∙ ▒∙∙∙∙∙▒∙▒ ▒∙▒ ▒ ▒▒▒▒▒
▒∙∙∙∙∙∙∙▒ ▒∙▒▒▒▒▒▒ ▒∙∙∙▒
▒▒▒∙∙∙∙∙∙ ∙ ▒∙▒▒∙∙∙▒▒▒ ▒∙∙∙▒
▒∙∙∙∙∙ ∙▒▒▒▒∙▒▒∙∙∙∙∙▒▒▒▒∙∙∙▒▒
▒∙∙∙∙∙ ∙∙∙∙∙∙∙∙∙∙∙∙∙^∙∙∙∙∙∙∙▒▒
▒∙∙∙∙ ▒ ∙∙∙∙∙∙▒▒▒∙∙∙∙∙∙∙▒▒▒∙∙∙▒
▒∙∙∙▒∙▒
▒▒∙∙∙▒▒▒▒∙∙∙∙∙∙∙▒▒▒∙∙∙▒▒▒▒▒∙∙∙▒∙▒


There were no monsters in sight!

Vanquished Creatures
  2 bats (D:1)
  A giant cockroach (D:1)
  2 hobgoblins (D:1)
  5 kobolds (D:1)
  2 goblins (D:1)
  2 rats (D:1)
14 creatures vanquished.

Vanquished Creatures (others)
  A rat (D:1)
1 creature vanquished.

Grand Total: 15 creatures vanquished

Notes
Turn   | Place    | Note
--------------------------------------------------------------
     0 | D:1      | Illaniel, the High Elf Skald, began the quest for the Orb.
     0 | D:1      | Reached XP level 1. HP: 13/13 MP: 4/4
    27 | D:1      | Reached skill level 1 in Armour
   247 | D:1      | Reached XP level 2. HP: 15/18 MP: 3/6
   273 | D:1      | Learned a level 2 spell: Song of Slaying
   276 | D:1      | Learned a level 2 spell: Shroud of Golubria
   406 | D:1      | Gained mutation: You are dopey (Int -1). [potion of mutation]
   406 | D:1      | Gained mutation: Your muscles are strong (Str +1). [potion of mutation]
   406 | D:1      | Gained mutation: Your digestive system is specialised to digest meat. [potion of mutation]
   412 | D:1      | Succumbed to a kobold's poison

Action                   || total
-------------------------++-------
Melee: Short sword       ||    39
 Cast: Infusion          ||     9
       Shroud of Golubri ||     1
  Use: Potion            ||     2
